 Dungeon Crawl Stone Soup version 0.30-a0-341-g682706514a (webtiles) character file.

Game seed: 2820548027011231078

764 billz999 the Grappler (level 7, -1/66 HPs)
             Began as a Troll Monk on Nov 1, 2022.
             Was a Believer of Ru.
             Slain by an orc
             ... wielding a +0 club
              (4 damage)
             ... on level 5 of the Dungeon.
             The game lasted 00:06:12 (3284 turns).

billz999 the Grappler (Troll Monk)                  Turns: 3284, Time: 00:06:13

Health: -1/66      AC:  4    Str: 22    XL:     7   Next: 51%
Magic:  6/6        EV: 10    Int:  6    God:    Ru [**....]
Gold:   155        SH:  0    Dex: 12    Spells: 6/6 levels left

rFire   + . .      SeeInvis .      - Unarmed
rCold   + . .      Faith    .    (no shield)
rNeg    . . .      Spirit   .    a - +0 robe
rPois   .          Reflect  .    (helmet restricted)
rElec   .          Harm     .    r - scarf {rC+ rF+}
rCorr   .          Rampage  .    (gloves unavailable)
Will    .....                    (boots unavailable)
Stlth   +.........               (no amulet)
HPRegen 1.11/turn                (no ring)
MPRegen 0.10/turn                (no ring)

@: confused, brilliant, lethally poisoned (-1 -> -3), ambrosia-drunk, flying,
studying Fire Magic
A: large, unfitting armour, claws 3, regeneration 1, shaggy fur 1, tough skin 1,
hated by all, no earth magic, no hexes magic, no summoning magic
a: Renounce Religion


You were on level 5 of the Dungeon.
You worshipped Ru.
Ru was pleased with you.
You visited 1 branch of the dungeon, and saw 5 of its levels.

You collected 155 gold pieces.

Inventory:

Missiles
 i - a throwing net (quivered)
Armour
 a - a +0 robe (worn)
 r - a scarf of resistance (worn)
Jewellery
 d - a ring of fire
 l - a ring of willpower
Wands
 n - a wand of quicksilver (12)
Scrolls
 c - a scroll of blinking {unknown}
 e - 3 scrolls of identify {unknown}
 f - a scroll of poison {unknown}
 h - 3 scrolls of teleportation {unknown}
 j - a scroll of fog {unknown}
 k - 2 scrolls of magic mapping {unknown}
 m - 3 scrolls of amnesia {unknown}
 p - a scroll of vulnerability {unknown}
 s - a scroll of noise {unknown}
Potions
 g - 3 potions of attraction
 o - a potion of brilliance


   Skills:
 - Level 2.4 Fighting
 - Level 2.4 Dodging
 - Level 1.0 Stealth
 + Level 9.0 Unarmed Combat


You had 6 spell levels left.
You didn't know any spells.
Your spell library contained the following spells:

 Spells                   Type           Power      Damage    Failure   Level
 Cigotuvi's Dreadful Rot  Necr/Pois/Air  0%         N/A       58%         2
 Ignite Poison            Fire/Tmut/Pois 0%         N/A       83%         3
 Kindle Blastsparks       Fire/Tloc/Air  0%         2d10      83%         3
 Dispel Undead            Necr           0%         3d6       99%         4
 Freezing Cloud           Conj/Ice/Air   0%         6-21      100%        5
 Orb of Destruction       Conj           0%         9d5       100%        7
 Summon Guardian Golem    Hex/Summ       Unusable   N/A       N/A         3
 Death Channel            Necr           Unusable   N/A       N/A         6
 Spellforged Servitor     Conj/Summ      Unusable   N/A       N/A         7

Dungeon Overview and Level Annotations

Branches:
Dungeon (5/15)
 Temple: D:4-7

Altars:
Kikubaaqudgha
Nemelex Xobeh
Ru
Sif Muna


Innate Abilities, Weirdness & Mutations

You are too large for most types of armour.
You have claws for hands.
Your natural rate of healing is unusually fast.
You are covered in fur. (AC +1)
You have tough skin. (AC +1)
You are hated by all.
You cannot study or cast Earth magic.
You cannot study or cast Hexes magic.
You cannot study or cast Summoning magic.


Message History

The orc warrior hits you with a +2 halberd of venom!
You are more poisoned.
Aiming: Quicksilver Bolt
Press: ? - help, Shift-Dir - straight line, f/p - orc warrior
Aim: an orc warrior, wielding a +2 halberd of venom and wearing a +0 plate armour (heavily wounded, 71% to hit)
The bolt of dispelling energy hits the orc warrior!
You kill the orc warrior!
* * * LOW HITPOINT WARNING * * *
You feel very sick.
An orc comes into view. It is wielding a +0 hand axe.
The orc hits you but does no damage.
Your Unarmed Combat skill increases to level 9!
It was a potion of brilliance.
You feel clever all of a sudden.
* * * LOW HITPOINT WARNING * * *
You feel very sick. The orc hits you with a +0 club.
* * * LOW HITPOINT WARNING * * *
It was a potion of flight.
You feel very buoyant.
You fly up into the air.
* * * LOW HITPOINT WARNING * * *
You feel very sick.
An orc comes into view. It is wielding a +0 flail.
The orc hits you with a +0 club.
* * * LOW HITPOINT WARNING * * *
Okay, then.
You are confused.
You feel invigorated.
* * * LOW HITPOINT WARNING * * *
You feel very sick. The orc hits you with a +0 hand axe.
* * * LOW HITPOINT WARNING * * *
The orc completely misses you.
You mangle the orc!!
You kill the orc!
* * * LOW HITPOINT WARNING * * *
You feel very sick. The orc hits you with a +0 club.
You die...

.. ... ....
....#######
..........
#.......o#
#......o)#
#......@.#
.........#
.........#
.....?..##
.........#
.....#+#.#
.###. #.#
.. #<# ..
###


You could see 2 orcs.

Vanquished Creatures
  An orc warrior (D:5)
  A black bear (D:5)
  An ogre (D:4)
  2 bullfrogs (D:4)
  2 hounds (D:4)
  2 orc priests
  Terence (D:3)
  An orc wizard (D:4)
  4 gnolls (D:3)
  6 adders
  2 dart slugs
  15 orcs
  6 endoplasms
  3 giant cockroaches
  7 goblins
  8 hobgoblins
  7 jackals
  8 kobolds
  A quokka (D:4)
  8 ball pythons
  11 bats
  2 frilled lizards (D:3)
  6 rats
105 creatures vanquished.

Vanquished Creatures (others)
  9 withered plants (D:4)
9 creatures vanquished.

Grand Total: 114 creatures vanquished

Notes
Turn   | Place    | Note
-------+----------+-------------------------------------------
     0 | D:1      | billz999 the Troll Monk began the quest for the Orb.
     0 | D:1      | Reached XP level 1. HP: 22/22 MP: 0/0
   251 | D:1      | Reached XP level 2. HP: 26/29 MP: 1/1
   313 | D:1      | Found a faded altar of an unknown god.
   622 | D:2      | Reached skill level 4 in Unarmed Combat
   748 | D:1      | Reached XP level 3. HP: 36/36 MP: 2/2
   813 | D:2      | Found a sacrificial altar of Ru.
   820 | D:2      | Became a worshipper of Ru the Awakened
   837 | D:2      | Gained mutation: You cannot study or cast Earth magic. [Ru
                  | sacrifice]
   837 | D:2      | Gained mutation: You cannot study or cast Hexes magic. [Ru
                  | sacrifice]
   837 | D:2      | Gained mutation: You cannot study or cast Summoning magic.
                  | [Ru sacrifice]
   837 | D:2      | Reached * piety under Ru
   844 | D:2      | Reached skill level 5 in Unarmed Combat
   844 | D:2      | Reached XP level 4. HP: 44/44 MP: 3/3
  1137 | D:2      | You fall into a shaft and drop 2 floors!
  1219 | D:4      | Found an ancient bone altar of Kikubaaqudgha.
  1566 | D:4      | Reached XP level 5. HP: 46/50 MP: 4/4
  1628 | D:4      | Reached skill level 6 in Unarmed Combat
  1668 | D:4      | Noticed an ogre
  1679 | D:4      | Killed an ogre
  1680 | D:4      | Reached skill level 7 in Unarmed Combat
  1680 | D:4      | Reached XP level 6. HP: 59/59 MP: 5/5
  2071 | D:3      | Noticed Terence
  2091 | D:3      | Killed Terence
  2143 | D:3      | Reached skill level 8 in Unarmed Combat
  2495 | D:3      | Found a shimmering blue altar of Sif Muna.
  2508 | D:3      | Reached XP level 7. HP: 66/66 MP: 6/6
  2901 | D:3      | Gained mutation: You are hated by all. [Ru sacrifice]
  2901 | D:3      | Reached ** piety under Ru
  2903 | D:3      | Found a sparkling altar of Nemelex Xobeh.
  3267 | D:5      | Entered Level 5 of the Dungeon
  3281 | D:5      | Reached skill level 9 in Unarmed Combat
  3282 | D:5      | HP: 2/66 [orc/+0 club (2)]
  3284 | D:5      | Slain by an orc

Illustrated notes

Levels and vault maps discovered:
D:1:      tarquinn_simple_flora_water_e, layout_loops_cross,
          hellmonk_ecumenical_altar_inner_sanctum
D:2:      layout_basic, basic_altar, minmay_misc_feat_diagonals
D:3:      layout_basic, mainiacjoe_overflow_surrounded_room,
          nicolae_sif_muna_condensation, kennysheep_crisscross,
          grunt_ministairs_5, uniq_terence
D:4:      minmay_chambers_of_fours, layout_basic, kiku_gazebo_garden_becter,
          grunt_ministairs_8
D:5:      layout_basic, mainiacjoe_overflow_alcove_1,
          hangedman_decor_peaks_small, kennysheep_generic_room_3, uniq_pikel

Skill      XL: |  1  2  3  4  5  6  7 |
---------------+----------------------+-----
Unarmed Combat | 4 5 7 8 9 |  9.0
Fighting       | |  2.4
Dodging        | |  2.4
Stealth        | |  1.0

Action                   |  1- 3 |  4- 6 |  7- 9 || total
-------------------------+-------+-------+-------++-------
Melee: Unarmed           |    63 |   107 |    49 ||   219
       Punch             |       |     3 |     4 ||     7
Invok: Sacrifice Arcana  |     1 |       |       ||     1
       Sacrifice Love    |       |       |     1 ||     1
Evoke: Wand              |       |       |     2 ||     2
  Use: Potion            |       |     1 |     3 ||     4
 Stab: Sleeping          |     1 |     3 |     2 ||     6
Armor: Robe              |    15 |    32 |     8 ||    55
Dodge: Dodged            |    39 |    46 |    17 ||   102

Table legend: (Time is in decaauts)
 A = Elapsed time spent in this place.
 B = Non-inter-level travel time spent in this place.
 C = Inter-level travel time spent in this place.
 D = Time resting spent in this place.
 E = Time spent auto-exploring this place.
 F = Levels seen in this place.
 G = Mean time per level.
                   A        B        C        D        E       F      G
               +--------+--------+--------+--------+--------+-----+--------+
         Total |   3261 |   3176 |     85 |    331 |   2252 |   5 |  652.2 |
       Dungeon |   3261 |   3176 |     85 |    331 |   2252 |   5 |  652.2 |
               +--------+--------+--------+--------+--------+-----+--------+

Top non-repeatable levels by time:
     D:4: 1051 daAuts
     D:2: 837 daAuts
     D:3: 752 daAuts
     D:1: 603 daAuts
     D:5: 16 daAuts
